 Dungeon Crawl Stone Soup version 0.30.1-4-g462c640d31 (webtiles) character file.

Game seed: 14096998464498070111

36 Heoruswealwe the Shooter (level 3, -2/30 HPs)
             Began as a Demigod Hunter on Aug 10, 2023.
             Slain by a quokka (4 damage)
             ... on level 2 of the Dungeon.
             The game lasted 00:07:53 (906 turns).

Heoruswealwe the Shooter (Demigod Hunter)            Turns: 906, Time: 00:07:53

Health: -2/30      AC:  3    Str: 10 (12) XL:     3   Next: 5%
Magic:  5/5        EV: 12    Int:  8 (11) God:
Gold:   34         SH:  0    Dex: 20 (21) Spells: 2/2 levels left

rFire   . . .        a - +0 shortbow
rCold   . . .        (shield currently unavailable)
rNeg    . . .        c - +0 leather armour
rPois   .            (no helmet)
rElec   .            (no cloak)
rCorr   .            (no gloves)
SInv    +            (no boots)
Will    .....        (no amulet)
Stlth   ++           k - ring of see invisible
HPRegen 0.25/turn    (no ring)
MPRegen 0.09/turn

%: no passive effects
@: no status effects
A: high MP 1, forlorn, divine attributes
a: no special abilities


You were on level 2 of the Dungeon.
You visited 1 branch of the dungeon, and saw 2 of its levels.

You collected 34 gold pieces.

Inventory:

Hand Weapons
 a - a +0 shortbow (weapon)
Armour
 c - a +0 leather armour (worn)
Jewellery
 k - a ring of see invisible (left hand)
Scrolls
 b - a scroll of immolation
 e - a scroll of fear {unknown}
 g - a scroll of magic mapping {unknown}
Potions
 f - a potion of heal wounds {unknown}
 h - a potion of curing {unknown}


   Skills:
 + Level 2.6 Fighting
 + Level 4.1 Ranged Weapons
 - Level 1.7 Dodging
 - Level 0.8 Stealth


You had 2 spell levels left.
You didn't know any spells.
Your spell library was empty.

Dungeon Overview and Level Annotations

Branches:
Dungeon (2/15)

Annotations:
D:2 Natasha


Innate Abilities, Weirdness & Mutations

You have an increased reservoir of magic. (+10% MP)
You shall have no god before yourself.
Your divine heritage dramatically boosts your attributes as you level up.


Message History

Found a scroll labelled XYCOUQ TUJIY.
Natasha hisses angrily.
A quokka comes into view.
You shoot an arrow. The arrow closely misses Natasha.
You shoot an arrow. The arrow hits Natasha.
Natasha is lightly wounded.
Natasha zaps a wand.
The puff of flame hits you! Natasha attacks as you move away!
Natasha claws you! Natasha attacks as you move away!
Natasha closely misses you.
There is a stone staircase leading down here.
The quokka attacks as you move away! The quokka bites you.
Natasha casts a spell.
The quokka bites you.
* * * LOW HITPOINT WARNING * * *
The quokka attacks as you move away! The quokka bites you.
* * * LOW HITPOINT WARNING * * *
Found 12 gold pieces.
Okay, then.
Fire: a) +0 shortbow
Press: ? - help, Q - select action Shift-Dir - straight line, f/p - Natasha
Aim: Natasha, carrying a wand of flame (16) (lightly wounded, 59% to hit)
You shoot an arrow. The arrow closely misses the quokka.
The arrow hits Natasha but does no damage.
Natasha is lightly wounded.
The quokka barely misses you. x2
Fire: a) +0 shortbow
Press: ? - help, Q - select action Shift-Dir - straight line, f/p - Natasha
Aim: Natasha, carrying a wand of flame (16) (lightly wounded, 59% to hit)
You shoot an arrow. The arrow misses the quokka.
The arrow closely misses Natasha.
The arrow hits the cerulean imp!
The cerulean imp is severely wounded.
Natasha casts a spell.
The quokka bites you.
* * * LOW HITPOINT WARNING * * *
It was a potion of degeneration.
There was something very wrong with that liquid.
You feel weakened.
You feel dopey.
You feel clumsy. The quokka bites you.
You die...

########..###
#......
...........##.......
.########..#.....)?.
#.......(...
##5######### #5# #h#
#r# #@# #.# ...
..... .......
.........
.$.........
.############


You could see Natasha, 2 cerulean imps and a quokka.

Vanquished Creatures
  An adder (D:2)
  2 ball pythons
  5 bats
  An endoplasm (D:1)
  2 goblins (D:1)
  3 hobgoblins (D:1)
  4 jackals (D:1)
  2 quokkas (D:1)
  A kobold (D:1)
  3 rats (D:1)
24 creatures vanquished.

Notes
Turn   | Place    | Note
-------+----------+-------------------------------------------
     0 | D:1      | Heoruswealwe the Demigod Hunter began the quest for the
                  | Orb.
     0 | D:1      | Reached XP level 1. HP: 17/17 MP: 3/3
   423 | D:1      | Reached XP level 2. HP: 24/24 MP: 4/4
   567 | D:1      | Reached skill level 4 in Ranged Weapons
   888 | D:2      | Reached XP level 3. HP: 29/30 MP: 5/5
   894 | D:2      | Noticed Natasha
   906 | D:2      | Slain by a quokka

Illustrated notes

Levels and vault maps discovered:
D:1:      spicycebolla_green_bress_n_ham, layout_loops_corners
D:2:      layout_basic, uniq_natasha

Skill      XL: |  1  2 |
---------------+-------+-----
Fighting       | 2 |  2.6
Ranged Weapons | 4 |  4.1
Dodging        | |  1.7
Stealth        | |  0.8

Action                     || total
---------------------------++-------
   Fire: Shortbow          ||    61
    Use: Potion            ||     1
 Armour: Leather armour    ||     6
  Dodge: Dodged            ||    41
